[Event "Sheffield Masters 2024"]
[Site "Sheffield"]
[Date "2024.04.11"]
[Round "3.3"]
[White "Pein, Jonathan"]
[Black "Pal, Rohan"]
[Result "1-0"]
[ECO "B48"]
[WhiteElo "2247"]
[BlackElo "2142"]
[Annotator "TA"]
[PlyCount "67"]
[EventDate "2024.04.11"]
[EventType "tourn"]
[EventCountry "ENG"]
[SourceTitle "playchess.com"]
[Source "ChessBase"]
[SourceQuality "1"]
[TimeControl "5400+30"]

1. e4 c5 2. Nf3 e6 3. d4 cxd4 4. Nxd4 Nc6 5. Nc3 Qc7 6. a3 Nf6 7. Be3 a6 8. Be2 Be7 9. O-O O-O 10. f4 d5 11. e5 {[%emt 0:09:38] Strongly threatening Nxc6.} Nd7 12. Rf3 {[%emt 0:07:37] The position is equal.} b5 13. Bd3 h6 (13... g6 $11 {and Black has nothing to worry.}) 14. Rg3 $18 Kh8 $2 (14... Nxd4 15. Qg4 (15. Bxd4 Bc5 $11) 15... Nf5) 15. Nxc6 $2 (15. Rxg7 $18 {[%cal Od1h5] is the precise move to win. Threatening mate with Qh5!} Kxg7 16. Qg4+ Bg5 17. fxg5 Qxe5 18. Qh3 (18. Nxc6 $2 Qxe3+ 19. Kh1 hxg5 $19) (18. gxh6+ Kh8 $18) 18... Qxe3+ 19. Qxe3) 15... Qxc6 $16 16. Qg4 Rg8 17. Qh5 $40 {[%emt 0:01:03][%mdl 128] White attacks. White is much more active.} ({Better is} 17. Ne2 $16) 17... f5 $2 (17... Bc5 $1 $14) 18. Rg6 $18 {[%emt 0:03:17][%cal Og6h6] Rxh6+! would kill now.} Bf8 $2 (18... Nf8 {is tougher.}) 19. Qxf5 exf5 20. Rxc6 g6 {[%emt 0:00:58] Black is weak on the dark squares} 21. Bd4 Bg7 22. Rxg6 Nf8 23. Rd6 Ne6 24. Ne2 (24. Rxd5 Nxf4 25. Rd6 Ne6 $14) 24... Bf8 25. Bc3 {[%emt 0:03:57][%cal Od3f5] Black must now prevent Bxf5!} d4 26. Nxd4 Nxf4 27. Nxf5 {[%emt 0:01:29] Threatens to win with e6+.} Bxf5 {[%emt 0:06:38] [#]} (27... Nxd3 {was necessary.} 28. e6+ (28. Nxh6 Nf4 $18) 28... Kh7) 28. e6+ $1 ({Much less strong is} 28. Bxf5 $6 Ne2+ 29. Kh1 Nxc3 $16 (29... Bxd6 30. exd6+ Nxc3 31. bxc3 $16)) 28... Bg7 {[%emt 0:01:55] [#]} 29. Bxg7+ $1 ({Not} 29. Bxf5 Bxc3 30. bxc3 Raf8 $11) 29... Rxg7 30. Bxf5 Rf8 31. e7 $1 Rxe7 32. Rxh6+ Kg8 33. Bg4 Rg7 34. Be6+ {[%emt 0:00:14] Weighted Error Value: White=0.34/Black=0.65.  Loses game:     	---       	Black=2      Missed win:     	White=1     	---        Mistake:       	White=1     	Black=3      Inaccurate:     	White=1     	---        OK:         	White=9     	Black=11     Best:        	White=1     	Black=2      Strong:       	White=3     	---} 1-0

[Event "Sheffield Masters 2024"]
[Site "Sheffield"]
[Date "2024.04.11"]
[Round "3.4"]
[White "O`Gorman, Tom"]
[Black "Ledger, Andrew J"]
[Result "1/2-1/2"]
[ECO "B12"]
[WhiteElo "2321"]
[BlackElo "2336"]
[Annotator "TA"]
[PlyCount "136"]
[EventDate "2024.04.11"]
[EventType "tourn"]
[EventCountry "ENG"]
[SourceTitle "playchess.com"]
[Source "ChessBase"]
[SourceQuality "1"]
[TimeControl "5400+30"]

1. e4 c6 2. d4 d5 3. e5 Bf5 4. Nf3 e6 5. Be2 Ne7 6. O-O Nd7 7. Nbd2 h6 {[%emt 0:01:12] B12: Caro-Kann: Advance Variation.} 8. Nb3 Qc7 9. Bd2 a5 10. a4 Bh7 11. Rc1 Qb6 12. Bc3 Ng6 13. Bd3 $146 ({Predecessor:} 13. Qd2 Bb4 14. Bxb4 Qxb4 15. Qxb4 axb4 16. a5 f6 17. exf6 gxf6 18. Ra1 Kf7 19. Ra4 {0-1 Burri,Q (2397)-Cantin,L (2184) Avoine op 32nd 2017 (8)}) 13... Bb4 14. Bxb4 Qxb4 15. c3 Qe7 16. Ne1 O-O 17. f4 Nh4 18. Bxh7+ Kxh7 19. g3 Ng6 20. Ng2 f6 21. Qd3 f5 22. Ne3 Qf7 23. c4 dxc4 24. Nxc4 Qe7 25. Nd6 (25. Nbxa5 b5 26. Nxc6 (26. axb5 $2 cxb5 27. Ne3 Rxa5 $19) 26... bxc4 27. Qxc4 Qe8) 25... Nb6 26. Qd2 Nc8 (26... Nxa4 $142 27. Nxa5 Rfb8) 27. Nxc8 ({White should play} 27. Nxa5 Nxd6 28. exd6 Qxd6 29. Nxb7) 27... Rfxc8 $16 28. Nxa5 Rd8 29. Qc3 Qd7 30. Rfd1 Ne7 31. Nc4 (31. Nb3 $14) 31... Rxa4 $11 32. Qb3 (32. Nb6 $5 Nd5 33. Nxd7 Nxc3 34. Nc5 Nxd1 (34... Raxd4 35. Rxd4 Ne2+ 36. Kf2 $11) 35. Nxa4 Rxd4 36. Nc5 $16) 32... Ra6 33. Nb6 Qc7 34. Na4 b6 (34... Nd5 $15) 35. Nc3 (35. Qxe6 $5 Rxa4 36. d5 $11) 35... Qd7 36. Qc4 b5 37. Qb3 Kg8 38. Rc2 Kf7 39. Ne2 Rda8 40. Rcc1 Qd5 41. Qxd5 Nxd5 42. Kf2 Ke7 43. Nc3 Nxc3 44. Rxc3 Kd7 45. g4 Ra2 46. Rd2 fxg4 47. Rg3 Ke7 48. Rxg4 Kf7 49. Ke3 g6 50. Rg1 (50. Rdg2 $5 Rg8 $8 51. Rc2 $14) 50... Ra1 51. Rg3 Re1+ 52. Kf2 Raa1 53. Rc3 Rec1 54. Rdc2 Rxc2+ 55. Rxc2 Ra6 56. Kf3 Ra4 57. Ke3 Rb4 58. h4 h5 59. Rd2 Rb3+ 60. Ke4 Rh3 61. Rc2 Rxh4 62. Ke3 $1 ({Much weaker is} 62. Rxc6 g5 63. Rc7+ Kg6 $15) 62... Rh3+ 63. Ke4 Rb3 64. Rxc6 Rxb2 65. Rc7+ Kf8 66. Rc8+ Kf7 67. Rc7+ Kf8 68. Rc8+ Kf7 1/2-1/2

[Event "Sheffield Masters 2024"]
[Site "Sheffield"]
[Date "2024.04.11"]
[Round "3.5"]
[White "Chow, Samuel"]
[Black "Gourlay, Iain"]
[Result "1/2-1/2"]
[ECO "D37"]
[WhiteElo "2350"]
[BlackElo "2307"]
[Annotator "TA"]
[PlyCount "82"]
[EventDate "2024.04.11"]
[EventType "tourn"]
[EventCountry "ENG"]
[SourceTitle "playchess.com"]
[Source "ChessBase"]
[SourceQuality "1"]
[TimeControl "5400+30"]

1. d4 d5 2. c4 e6 3. Nf3 Nf6 4. Nc3 Be7 5. Bf4 O-O 6. e3 c5 7. dxc5 Bxc5 8. a3 Nc6 9. Qc2 Qa5 10. Rd1 Be7 11. Be2 Ne4 12. cxd5 Nxc3 13. bxc3 exd5 14. O-O h6 15. c4 Be6 16. cxd5 Bxd5 17. Bc7 Qxc7 18. Rxd5 Bxa3 19. Nd4 Bd6 {[%emt 0:10:36] [#] Threatens to win with ...Nxd4.} 20. Rc1 (20. Nxc6 $11 bxc6 21. Rh5) 20... Nxd4 ({Don't play} 20... Bxh2+ $6 21. Kf1 $11) 21. Rxd4 Bxh2+ 22. Kf1 Qxc2 23. Rxc2 Be5 24. Rd7 a5 25. f4 Bb8 26. Rxb7 Ra7 27. Rcb2 Rxb7 28. Rxb7 $11 {[%emt 0:00:05][%mdl 4096] Endgame. KRB-KRB} Rc8 29. Bd1 Bd6 30. Ke2 Rc7 31. Rb6 Bc5 32. Rb5 Bb4 33. Bb3 g6 34. g4 Kg7 35. e4 Ra7 36. e5 h5 37. gxh5 {[%emt 0:05:19] The position is equal.} gxh5 38. e6 fxe6 39. Rxh5 Ra6 40. f5 exf5 41. Rxf5 a4 {[%emt 0:01:07] Weighted Error Value: White=0.05 (flawless) /Black=0.04 (flawless) .  Mistake:       	White=1     	---        Inaccurate:     	White=1     	Black=1      OK:         	White=13    	Black=18     Best:        	White=1     	Black=1} 1/2-1/2